Map: Dusk Towers

Players

LilDicky - Winner!

  • Race: Terran Terran
  • League: Diamond

Rudais

  • Race: Zerg Zerg
  • League: Diamond

VOD

http://www.twitch.tv/tumescentpie

Description

Time

  • Played on: Jan. 1, 2016, 6:14 p.m.
  • Length: 18:28
Show
View Real Time Build Order
Export as new Build Order

LilDicky Terran - Winner!

Build Orders:  

Get SALT Encoding   

  12  0:01  SCV  
  13  0:13  SCV  
  14  0:17  Supply Depot  
  14  0:25  SCV  
  15  0:39  SCV  
  15  0:40  Barracks  
  16  0:51  SCV  
  17  1:04  SCV  
  18  1:16  SCV  
  19  1:24  Barracks  
  19  1:25  Barracks  
  19  1:27  Marine  
  19  1:28  SCV  
  19  1:29  Supply Depot  
  21  1:40  SCV  
  21  1:46  Marine  
  23  1:55  Orbital Command  
  23  1:57  Barracks  
  23  2:05  Marine  
  23  2:07  Barracks  
  24  2:16  Marine x2  
  24  2:19  Supply Depot  
  26  2:23  Marine  
  26  2:28  SCV  
  28  2:33  Marine  
  28  2:34  Marine  
  30  2:40  SCV  
  30  2:41  Marine  
  32  2:46  Marine  
  32  2:48  Supply Depot  
  33  2:51  Marine  
  33  2:52  SCV  
  33  2:56  Marine  
  33  2:57  Supply Depot  
  36  3:02  Marine  
  36  3:03  Marine  
  36  3:04  Marine  
  39  3:12  Marine  
  39  3:14  SCV, Marine  
  42  3:20  Marine x2  
  42  3:22  Marine  
  45  3:30  Marine  
  45  3:31  Marine  
  47  3:38  Marine x2  
  47  3:39  Marine  
  50  3:48  Marine  
  50  3:49  Marine  
  52  3:56  Marine x2  
  52  3:57  Marine  
  40  4:17  Marine x5  
  40  4:21  SCV  
  43  4:35  Marine x5  
  30  4:52  Marine  
  30  4:53  Marine x4  
  32  5:10  Marine  
  32  5:12  Command Center  
  32  5:30  Marine x3  
  32  5:35  Marine x2  
  37  5:36  SCV  
  37  5:40  Refinery  
  37  5:41  Refinery  
  38  5:48  SCV, Marine x3  
  36  6:01  SCV  
  26  6:11  Marine x3  
  26  6:12  Marine x2  
  26  6:13  SCV  
  32  6:25  SCV  
  33  6:29  Marine x2  
  35  6:33  Marine  
  35  6:35  Barracks Tech Lab  
  35  6:37  SCV  
  38  6:47  Marine x2  
  38  6:48  Barracks Tech Lab  
  38  6:51  Marine  
  33  7:19  Marine x4  
  33  7:22  Marine  
  30  7:36  Marine  
  30  7:37  Marine x3  
  29  7:40  Marine  
  29  7:43  SCV  
  34  7:46  Supply Depot  
  34  7:49  Orbital Command  
  33  7:54  Stimpack, Marine x2  
  33  7:55  SCV, Marine x2  
  33  7:58  Marine  
  39  8:12  Combat Shields, Marine x3  
  40  8:13  Marine  
  40  8:16  Marine  
  39  8:30  Marine x4  
  39  8:33  Marine  
  41  8:48  Marine x3  
  42  8:51  Marine, Marauder  
  47  8:56  SCV  
  47  8:57  SCV  
  47  8:58  Factory  
  49  9:06  Marine x3  
  49  9:09  Marine  
  53  9:12  Marine  
  54  9:20  Supply Depot  
  54  9:23  Marine  
  54  9:24  Command Center, Marine x2  
  56  9:27  Marine  
  56  9:29  Marine  
  59  9:33  SCV  
  60  9:41  Marine x2  
  61  10:05  Marine x5  
  64  10:23  Marine x5  
  68  10:41  Marine x4  
  61  10:50  Marine  
  62  10:58  Marine  
  62  10:59  Marine x3  
  62  11:01  Factory Reactor  
  62  11:02  Starport  
  62  11:04  Barracks  
  65  11:06  Barracks  
  65  11:07  Barracks, Marine  
  65  11:09  Barracks  
  60  11:16  Marine x3  
  60  11:17  Marine  
  62  11:21  Concussive Shells  
  62  11:25  Marine  
  62  11:31  Orbital Command  
  62  11:32  SCV x2  
  65  11:34  Marine x3  
  65  11:35  Marauder  
  70  11:43  Marine  
  70  11:44  SCV  
  70  11:45  SCV  
  58  12:54  Marine  
  51  13:00  Marine x3  
  51  13:01  Marine x3  
  51  13:04  Barracks Tech Lab  
  50  13:05  Barracks Tech Lab  
  50  13:07  Barracks Tech Lab  
  50  13:12  Marine  
  50  13:17  Barracks  
  50  13:18  Barracks x2  
  50  13:19  Marauder x2, Widow Mine, Barracks, Medivac x2  
  58  13:21  Marine x4  
  64  13:40  Marauder x2  
  62  13:41  Marine x4  
  62  13:42  Marine x3  
  69  13:59  Marine x4  
  69  14:00  Marine x2  
  69  14:02  Marauder x2  
  78  14:15  Marine  
  79  14:18  Marauder  
  79  14:19  SCV x3, Marine  
  79  14:20  Marine x4  
  84  14:30  Marauder x2  
  84  14:33  Marine  
  84  14:37  Marine x2  
  84  14:38  Marine x2  
  78  14:39  Marine  
  81  14:51  Marine x3  
  82  14:55  Barracks Tech Lab, Marine x2  
  82  14:56  Marine  
  82  14:57  Barracks Tech Lab x2  
  82  14:58  Barracks Reactor  
  84  15:03  Marauder  
  86  15:09  Supply Depot, Marauder, Marine x2  
  86  15:14  Marine x3  
  91  15:16  Command Center  
  93  15:30  Marine x5  
  93  15:31  Marauder  
  100  15:38  Supply Depot  
  100  15:42  Supply Depot, Medivac  
  100  15:45  Supply Depot  
  100  15:49  SCV  
  101  15:50  Supply Depot  
  85  16:27  Marine  
  85  16:28  Marine x11  
  85  16:45  Marine x3  
  85  16:46  Marauder x5  
  85  16:48  SCV x3  
  85  16:49  Orbital Command  
  85  17:00  SCV x2  
  85  17:04  Marine  
  85  17:05  Marine x2  
  85  17:06  Marauder  
  85  18:28  Engineering Bay  
Show
View Real Time Build Order
Export as new Build Order

Rudais Zerg 

Build Orders: Hatch First, Zergling Baneling 

Get SALT Encoding   

  12  0:01  Drone  
  13  0:12  Overlord  
  13  0:17  Drone  
  14  0:30  Drone x2  
  14  0:34  Drone  
  17  0:54  Hatchery  
  17  0:56  Drone  
  17  1:11  Spawning Pool  
  17  1:13  Drone  
  17  1:19  Drone  
  17  1:22  Drone, Extractor  
  18  1:28  Drone  
  19  1:38  Overlord  
  19  1:57  Queen  
  19  1:59  Zergling x2  
  19  2:01  Zergling x2  
  23  2:06  Zergling x2, Queen  
  26  2:11  Drone  
  27  2:17  Drone  
  28  2:27  Metabolic Boost  
  28  2:29  Drone x2  
  30  2:33  Drone  
  31  2:46  Queen  
  31  2:49  Drone  
  31  2:50  Overlord  
  34  3:08  Drone x2, Baneling Nest  
  35  3:14  Hatchery  
  35  3:15  Overlord  
  34  3:30  Zergling x2  
  34  3:31  Zergling x2  
  35  3:40  Spine Crawler  
  34  3:42  Zergling x2  
  34  3:43  Zergling x12  
  41  3:58  Baneling x4  
  41  3:59  Zergling x2  
  41  4:00  Zergling x4  
  33  4:18  Zergling x2  
  33  4:19  Zergling x10  
  33  4:23  Baneling x5  
  33  4:24  Baneling  
  39  4:30  Zergling x2  
  40  4:35  Zergling x2  
  40  4:37  Queen  
  43  4:41  Zergling x2  
  43  4:42  Overlord  
  44  4:52  Zergling x4  
  41  4:57  Zergling x4  
  41  4:58  Zergling x2  
  44  5:09  Zergling x4  
  44  5:10  Zergling x4  
  44  5:14  Baneling x2  
  42  5:30  Baneling x2  
  42  5:31  Baneling x2  
  42  5:35  Hatchery, Zergling x2  
  43  5:36  Zergling x8  
  46  5:50  Drone x2  
  46  5:51  Drone x2  
  47  6:04  Zergling x12  
  49  6:13  Drone x2  
  49  6:16  Overlord, Extractor  
  49  6:17  Extractor  
  49  6:20  Baneling x4  
  48  6:27  Zergling x6  
  51  6:42  Baneling x2  
  51  6:43  Zergling x2, Baneling x3  
  51  6:44  Zergling x6  
  55  6:48  Drone x2  
  55  6:49  Drone  
  55  7:14  Zergling x20  
  61  7:22  Zergling x8  
  58  7:24  Baneling  
  54  7:31  Zergling x6  
  56  7:44  Zergling x12  
  61  8:01  Baneling x2  
  61  8:02  Baneling x3  
  61  8:03  Baneling x2  
  61  8:04  Zergling x8  
  64  8:07  Baneling  
  64  8:08  Baneling  
  64  8:12  Baneling  
  55  8:27  Zergling x2  
  55  8:28  Zergling x16  
  58  8:37  Lair  
  58  8:44  Drone x3  
  58  8:46  Drone x2  
  58  8:47  Drone  
  64  9:05  Drone x2, Extractor  
  64  9:06  Evolution Chamber x2  
  64  9:10  Drone x3  
  66  9:17  Overlord  
  66  9:35  Queen  
  68  9:41  Zergling x2  
  68  9:42  Zergling x14  
  68  9:44  Baneling x4  
  68  9:45  Baneling x2  
  73  9:52  Zergling x2  
  72  9:58  Zergling x18  
  69  10:05  Zergling x2  
  67  10:12  Zergling x2  
  67  10:13  Zergling x2  
  59  10:19  Baneling x3  
  59  10:20  Zergling x4  
  59  10:21  Zergling x2  
  54  10:22  Baneling x3  
  54  10:23  Baneling x3  
  54  10:27  Baneling  
  52  10:29  Zergling x4  
  52  10:35  Zergling x2  
  38  10:44  Zergling x2  
  38  10:45  Zergling x4  
  37  10:50  Baneling x4  
  36  11:00  Zergling x8  
  39  11:04  Hatchery  
  39  11:05  Zergling x2  
  35  11:28  Centrifical Hooks  
  35  11:31  Zerg Missile Weapons Level 1  
  35  11:39  Drone x3  
  38  11:43  Drone x3  
  38  11:46  Baneling x3  
  41  11:47  Zergling x2  
  40  11:54  Zergling x4  
  40  11:57  Zergling x2  
  40  11:58  Zergling x2  
  40  12:00  Baneling x2  
  44  12:03  Zergling x2  
  45  12:08  Zergling x2  
  45  12:09  Zergling x6  
  49  12:23  Zergling x14  
  49  12:26  Baneling x4  
  49  12:27  Baneling x2  
  49  12:29  Zergling x2  
  57  12:30  Zergling x2  
  56  12:38  Zergling x6  
  44  12:54  Zergling x2  
  44  12:55  Zergling x14  
  48  13:04  Zergling x6  
  44  13:12  Extractor  
  44  13:13  Zergling x4  
  44  13:14  Baneling, Zergling x2  
  44  13:15  Baneling x3  
  46  13:27  Zergling x2  
  46  13:28  Zergling x6  
  50  13:36  Zergling x4  
  50  13:43  Zerg Melee Weapons Level 1  
  50  13:46  Baneling x5  
  50  13:47  Baneling  
  50  14:00  Drone x4  
  50  14:01  Drone  
  50  14:02  Zergling x2  
  56  14:03  Zergling x2  
  56  14:04  Baneling  
  56  14:05  Baneling  
  51  14:24  Baneling x2  
  45  14:38  Zergling x26  
  52  14:49  Baneling x5  
  52  14:50  Baneling  
  48  15:07  Overseer  
  48  15:13  Spine Crawler  
  47  15:14  Spore Crawler  
  47  15:16  Drone x4  
  47  15:17  Drone  
  51  15:29  Zergling x2  
  51  15:30  Drone  
  49  15:45  Baneling  
  49  15:46  Baneling x4  
  49  15:48  Zergling x2  
  49  15:49  Zergling x2  
  51  15:51  Drone  
  52  16:03  Zergling x2  
  52  16:04  Zergling x6  
  36  16:07  Zergling x2  
  36  16:08  Zergling x2  
Tags
 
Add a new tag
Caveats
  • Supply blocks, unpowered buildings, or Contaminate may cause inaccurate times.
  • Supply counts are checked every 10 seconds.